cohdb
Replays
Latest Replays
All Replays
Popular Replays
Top Player Replays
Match Explorer
How It Works
Community
CoH3 Stats
Reddit
Sign in to upload your games and track your stats! →
Sign in with Steam
Match 43887007
Unlisted
Match 43887007
Overview
Messages
Build Orders
End
Pioneer Squad
Kettenkrad Recon Vehicle
Construct Infanterie Kompanie
MG 42 Machine Gun Team
GrW 34 Mortar Team
Grenadier Squad
Selects Breakthrough Battlegroup
Selects Assault Grenadiers
Medical Station
MG 42 Machine Gun Team
Construct Panzergrenadier Kompanie
Panzergrenadier Squad
Support Elements
StuG III G Assault Gun
Selects Rapid Production
Selects Blitzkrieg
MG 42 Machine Gun Team
ßoo
Toguro
0
0
Comments
sign in to comment!
No comments posted yet!